 Dungeon Crawl Stone Soup version 0.22.1-2-g9c5b331383 (webtiles) character file.

65 Marnok the Slasher (level 3, -7/29 HPs)
             Began as a Demigod Gladiator on Jan 3, 2019.
             Mangled by Crazy Yiuf
             ... wielding a +2 quarterstaff of chaos
              (20 damage)
             ... on level 3 of the Dungeon.
             The game lasted 00:09:43 (2054 turns).

Marnok the Slasher (Demigod Gladiator)              Turns: 2054, Time: 00:09:43

Health: -7/29      AC:  4    Str: 17    XL:     3   Next: 66%
Magic:  5/5        EV: 13    Int: 12    God:
Gold:   164        SH:  0    Dex: 19    Spells: 2/2 levels left

rFire    . . .     SeeInvis .   a - +0 long sword
rCold    . . .     Gourm    .   (no shield)
rNeg     . . .     Faith    .   b - +0 leather armour
rPois    .         Spirit   .   g - +0 helmet
rElec    .         Reflect  .   (no cloak)
rCorr    .         Harm     .   (no gloves)
MR       .....                  (no boots)
Stlth    +.........             (no amulet)
HPRegen  0.09/turn              (no ring)
MPRegen  0.09/turn              (no ring)

@: drained
A: high mp 1
a: no special abilities


You were on level 3 of the Dungeon.
You were not hungry.

You visited 1 branch of the dungeon, and saw 4 of its levels.

You collected 164 gold pieces.

Inventory:

Hand Weapons
 a - a +0 long sword (weapon)
 o - a +0 long sword
 v - a +2 dagger of venom
 y - a +1 mace of draining
Missiles
 d - 3 throwing nets (quivered)
Armour
 b - a +0 leather armour (worn)
 c - a +0 helmet
 g - a +0 helmet (worn)
Jewellery
 j - an uncursed amulet of faith
Scrolls
 e - 3 scrolls of identify {unknown}
 h - a scroll of random uselessness {unknown}
 i - a scroll of amnesia {unknown}
 k - a scroll of enchant weapon {unknown}
 l - a scroll of teleportation {unknown}
 p - a scroll of blinking {unknown}
 r - 2 scrolls of remove curse {unknown}
Potions
 m - a potion of cancellation {unknown}
 n - a potion of heal wounds {unknown}
 q - a potion of might {unknown}
 s - a potion of agility {unknown}
 t - a potion of curing {unknown}
 u - a potion of haste {unknown}
 x - a potion of invisibility {unknown}
Comestibles
 f - 2 rations
 w - 4 chunks of flesh


   Skills:
 + Level 2.0(1.8) Fighting
 + Level 3.8(3.6) Long Blades
 + Level 1.9(1.6) Throwing
 + Level 0.3(0.1) Armour
 + Level 3.0(2.8) Dodging
 + Level 0.2(0.0) Stealth


You had 2 spell levels left.
You didn't know any spells.
Your spell library was empty.

Dungeon Overview and Level Annotations

Branches:
Dungeon (4/15)
 Temple: D:4-7

Annotations:
D:3 Crazy Yiuf


Innate Abilities, Weirdness & Mutations

You have an increased reservoir of magic. (+10% MP)


Message History

There is an open door here.
Crazy Yiuf barely misses you.
You hit Crazy Yiuf.
Crazy Yiuf is lightly wounded.
Crazy Yiuf closely misses you.
You barely miss Crazy Yiuf.
Crazy Yiuf is lightly wounded.
Crazy Yiuf hits you with a quarterstaff of chaos.
You hit Crazy Yiuf.
Crazy Yiuf is moderately wounded.
Crazy Yiuf barely misses you.
You hit Crazy Yiuf but do no damage.
Crazy Yiuf is moderately wounded.
Crazy Yiuf misses you.
You hit Crazy Yiuf.
Crazy Yiuf is severely wounded.
Crazy Yiuf hits you with a quarterstaff of chaos!
You are electrocuted!
Ouch! That really hurt!
You die...

♣...♣♣
♣...♣
♣♣.♣♣
♣.♣♣
♣♣.♣
♣.♣♣
♣♣.♣
##'##
#.@.#
#.g.#
#..)#
#####


You could see Crazy Yiuf.

Vanquished Creatures
  An adder (D:2)
  A dart slug (D:1)
  A leopard gecko (D:3)
  An orc (D:3)
  A ball python (D:2)
  7 bats
  5 giant cockroaches
  4 goblins (D:1)
  7 hobgoblins
  2 quokkas (D:3)
  4 frilled lizards
  7 kobolds
  5 rats
46 creatures vanquished.

Notes
Turn   | Place    | Note
-------+----------+-------------------------------------------
     0 | D:1      | Marnok the Demigod Gladiator began the quest for the Orb.
     0 | D:1      | Reached XP level 1. HP: 17/17 MP: 3/3
   262 | D:1      | Reached XP level 2. HP: 20/24 MP: 4/4
   739 | D:1      | Reached XP level 3. HP: 29/29 MP: 5/5
  2043 | D:3      | Found a runed door.
  2047 | D:3      | Noticed Crazy Yiuf
  2054 | D:3      | Mangled by Crazy Yiuf

Skill      XL: |  1  2  3 |
---------------+----------+-----
Long Blades    | 3 |  3.8
Dodging        | 3 |  3.0
Fighting       | 2 |  2.0
Throwing       | |  1.9
Armour         | |  0.3
Stealth        | |  0.2

Action                   || total
-------------------------++-------
Melee: Long sword        ||    92
 Stab: Distracted        ||     1
       Sleeping          ||     1
  Eat: Chunk             ||     4
Armor: Leather armour    ||    31
Dodge: Dodged            ||    71
       Rpst.: Long sword ||    24
